 Dungeon Crawl Stone Soup version 0.29-a0-542-g075992c915 (webtiles) character file.

Game seed: 3564318577668373522

56 YayAnonymity the Shield-Bearer (level 3, -5/35 HPs)
             Began as a Gnoll Fighter on June 4, 2022.
             Slain by an iguana (12 damage)
             ... on level 2 of the Dungeon.
             The game lasted 00:01:36 (1286 turns).

YayAnonymity the Shield-Bearer (Gnoll Fighter)      Turns: 1286, Time: 00:01:36

Health: -5/35      AC:  7    Str: 17    XL:     3   Next: 97%
Magic:  4/4        EV:  9    Int:  7    God:
Gold:   94         SH:  5    Dex: 11    Spells: 4/4 levels left

rFire   . . .      SeeInvis .   a - +0 trident
rCold   . . .      Faith    .   c - +0 buckler
rNeg    . . .      Spirit   .   b - +0 scale mail
rPois   .          Reflect  .   (no helmet)
rElec   .          Harm     .   (no cloak)
rCorr   .          Rampage  .   (no gloves)
Will    .....                   (no boots)
Stlth   ..........              (no amulet)
HPRegen 0.11/turn               (no ring)
MPRegen 0.09/turn               (no ring)

@: no status effects
A: fangs 1, strong nose, distributed training
a: no special abilities


You were on level 2 of the Dungeon.
You visited 1 branch of the dungeon, and saw 2 of its levels.

You collected 94 gold pieces.

Inventory:

Hand Weapons
 a - a +0 trident (weapon)
Armour
 b - a +0 scale mail (worn)
 c - a +0 buckler (worn)
Scrolls
 f - a scroll of brand weapon {unknown}
 h - 2 scrolls of identify {unknown}
 k - a scroll of amnesia {unknown}
Potions
 d - 2 potions of might
 e - a potion of attraction {unknown}
 g - 2 potions of invisibility {unknown}
 i - 2 potions of flight {unknown}
 j - a potion of berserk rage {unknown}
 l - a potion of degeneration {unknown}


   Skills:
 + Level 6.5 Fighting
 + Level 1.0 Short Blades
 + Level 1.0 Long Blades
 + Level 1.0 Axes
 + Level 1.0 Maces & Flails
 + Level 4.6 Polearms
 + Level 1.0 Staves
 + Level 1.0 Slings
 + Level 1.0 Bows
 + Level 1.0 Crossbows
 + Level 1.0 Throwing
 + Level 6.5 Armour
 + Level 1.0 Dodging
 + Level 1.0 Stealth
 + Level 6.5 Shields
 + Level 1.0 Unarmed Combat
 + Level 1.0 Spellcasting
 + Level 0.7 Conjurations
 + Level 0.7 Hexes
 + Level 0.7 Summonings
 + Level 0.7 Necromancy
 + Level 0.7 Translocations
 + Level 0.7 Transmutations
 + Level 0.7 Fire Magic
 + Level 0.7 Ice Magic
 + Level 0.7 Air Magic
 + Level 0.7 Earth Magic
 + Level 0.7 Poison Magic
 + Level 1.1 Invocations
 + Level 1.0 Evocations


You had 4 spell levels left.
You didn't know any spells.
Your spell library was empty.

Dungeon Overview and Level Annotations

Branches:
Dungeon (2/15)

Altars:


Innate Abilities, Weirdness & Mutations

You have very sharp teeth.
Your uncanny sense of smell can sniff out nearby items.
Your experience applies equally to all skills.


Message History

No target in view!
No target in view!
No target in view!
An iguana and a hobgoblin come into view.
The hobgoblin shouts!
The iguana hisses menacingly.
You barely miss the iguana. You block the iguana's attack.
You closely miss the iguana. You bite the iguana, but do no damage.
The iguana barely misses you. The iguana bites you.
You hit the iguana but do no damage. The iguana bites you.
The hobgoblin hits you.
You closely miss the iguana. You bite the iguana, but do no damage.
The iguana bites you but does no damage.
The hobgoblin hits you but does no damage.
You hit the iguana but do no damage. The iguana bites you.
The hobgoblin barely misses you.
You hit the iguana.
The iguana is lightly wounded.
The iguana bites you!
The hobgoblin hits you but does no damage.
You are too injured to fight recklessly!
You are too injured to fight recklessly!
You are too injured to fight recklessly!
You are too injured to fight recklessly!
You are too injured to fight recklessly!
You are too injured to fight recklessly!
The iguana hisses menacingly.
The iguana attacks as you move away! The iguana bites you!
* * * LOW HITPOINT WARNING * * *
You see here a bat corpse.
You closely miss the iguana. Your bite misses the iguana.
The iguana is lightly wounded.
The iguana bites you but does no damage.
You barely miss the iguana.
The iguana is lightly wounded.
You block the iguana's attack.
You barely miss the iguana.
The iguana is lightly wounded.
The iguana bites you!
You die...

..#
######.#..#.##
### #.#.#...#
#.#..#..#
#.#.##..#
#.#.###.#
#.#.##..#
#...##..#
#..###..#####.
#...@lg.......
##.###..######
# #...# #.#.#
#...# ##..#
#..# #..# #..#


You could see an iguana and a hobgoblin.

Vanquished Creatures
  2 adders (D:2)
  A dart slug (D:1)
  2 ball pythons (D:1)
  4 endoplasms (D:1)
  2 giant cockroaches
  4 goblins
  3 hobgoblins (D:1)
  A jackal (D:1)
  A quokka (D:2)
  6 bats
  3 frilled lizards
  2 kobolds (D:1)
  5 rats
36 creatures vanquished.

Notes
Turn   | Place    | Note
-------+----------+-------------------------------------------
     0 | D:1      | YayAnonymity the Gnoll Fighter began the quest for the Orb.
     0 | D:1      | Reached XP level 1. HP: 23/23 MP: 1/1
    80 | D:1      | Reached XP level 2. HP: 29/29 MP: 2/2
   682 | D:1      | Reached XP level 3. HP: 35/35 MP: 3/3
   949 | D:2      | Reached skill level 1 in Invocations
  1195 | D:2      | Reached skill level 1 in Short Blades
  1195 | D:2      | Reached skill level 1 in Long Blades
  1195 | D:2      | Reached skill level 1 in Axes
  1195 | D:2      | Reached skill level 1 in Maces & Flails
  1195 | D:2      | Reached skill level 1 in Staves
  1195 | D:2      | Reached skill level 1 in Slings
  1195 | D:2      | Reached skill level 1 in Bows
  1195 | D:2      | Reached skill level 1 in Crossbows
  1195 | D:2      | Reached skill level 1 in Throwing
  1195 | D:2      | Reached skill level 1 in Dodging
  1195 | D:2      | Reached skill level 1 in Stealth
  1195 | D:2      | Reached skill level 1 in Unarmed Combat
  1195 | D:2      | Reached skill level 1 in Spellcasting
  1195 | D:2      | Reached skill level 1 in Evocations
  1286 | D:2      | Slain by an iguana

Illustrated notes

Levels and vault maps discovered:
D:1:      pf_arrival_petrified_forest, layout_basic, minmay_bisected
D:2:      layout_loops_ring

Skill      XL: |  1  2  3 |
---------------+----------+-----
Invocations    | 1 |  1.1
Short Blades   | 1 |  1.0
Long Blades    | 1 |  1.0
Axes           | 1 |  1.0
Maces & Flails | 1 |  1.0
Staves         | 1 |  1.0
Slings         | 1 |  1.0
Bows           | 1 |  1.0
Crossbows      | 1 |  1.0
Throwing       | 1 |  1.0
Dodging        | 1 |  1.0
Stealth        | 1 |  1.0
Unarmed Combat | 1 |  1.0
Spellcasting   | 1 |  1.0
Evocations     | 1 |  1.0
Fighting       | |  6.5
Polearms       | |  4.6
Armour         | |  6.5
Shields        | |  6.5
Conjurations   | |  0.7
Hexes          | |  0.7
Summonings     | |  0.7
Necromancy     | |  0.7
Translocations | |  0.7
Transmutations | |  0.7
Fire Magic     | |  0.7
Ice Magic      | |  0.7
Air Magic      | |  0.7
Earth Magic    | |  0.7
Poison Magic   | |  0.7

Action                   || total
-------------------------++-------
Melee: Trident           ||   118
       Bite              ||     6
Armor: Scale mail        ||    36
Dodge: Dodged            ||    39
Block: Buckler           ||    37

Table legend: (Time is in decaauts)
 A = Elapsed time spent in this place.
 B = Non-inter-level travel time spent in this place.
 C = Inter-level travel time spent in this place.
 D = Time resting spent in this place.
 E = Time spent auto-exploring this place.
 F = Levels seen in this place.
 G = Mean time per level.
                   A        B        C        D        E       F      G
               +--------+--------+--------+--------+--------+-----+--------+
         Total |   1298 |   1263 |     35 |      0 |   1037 |   2 |  649.0 |
       Dungeon |   1298 |   1263 |     35 |      0 |   1037 |   2 |  649.0 |
               +--------+--------+--------+--------+--------+-----+--------+

Top non-repeatable levels by time:
     D:1: 937 daAuts
     D:2: 361 daAuts
